 Dungeon Crawl Stone Soup version 0.16-a0-4086-gceb3487 (webtiles) character file.

256 plathrop the Cudgeler (level 5, 0/48 HPs)
             Began as a Minotaur Monk on Feb 23, 2015.
             Succumbed to a gnoll's poison
             ... on level 3 of the Dungeon.
             The game lasted 00:06:32 (2060 turns).

plathrop the Cudgeler (Minotaur Monk)               Turns: 2060, Time: 00:06:32

Health: 0/48       AC:  9    Str: 15    XL:     5   Next: 92%
Magic:  2/2        EV:  7    Int:  7    God:
Gold:   138        SH:  0    Dex: 14    Spells: 1 memorised, 1 level left

rFire  + . .     SeeInvis .     i - +0 whip
rCold  + . .     Clarity  .     j - +0 chain mail
rNeg   . . .     SustAb   .     (no shield)
rPois  +         Gourm    .     (helmet restricted)
rElec  +         Spirit   .     (no cloak)
rCorr  +         Warding  .     (no gloves)
rMut   .         Stasis   .     a - +0 pair of boots
MR     .....                    (no amulet)
Stlth  ..........               (no ring)
                                (no ring)

@: lethally poisoned (0 -> -35), resistant, flying, not resistant to hostile
enchantments, extremely unstealthy
A: retaliatory headbutt, horns 2
a: no special abilities


You were on level 3 of the Dungeon.
You were not hungry.

You visited 1 branch of the dungeon, and saw 3 of its levels.

You collected 138 gold pieces.

Inventory:

Hand weapons
 i - a +0 whip (weapon)
Armour
 a - a +0 pair of boots (worn)
 j - a +0 chain mail (worn)
Scrolls
 d - a scroll of identify
 f - a scroll of remove curse
 h - a scroll of magic mapping
Potions
 c - a potion of haste
Comestibles
 b - 2 bread rations
 k - a meat ration


   Skills:
 - Level 5.0 Fighting
 * Level 5.7 Maces & Flails
 + Level 3.8 Dodging
 - Level 1.5 Stealth
 - Level 4.3 Unarmed Combat


You had one spell level left.
You knew the following spells:

 Your Spells              Type           Power        Failure   Level  Hunger
a - Flight                Chrm/Air       #.........   100%        3    ####...


Dungeon Overview and Level Annotations

Branches:
Dungeon (3/15)

Altars:


Innate Abilities, Weirdness & Mutations

You reflexively headbutt those who attack you in melee.
You have a pair of horns on your head.


Message History

You are more poisoned.
Drink which item? (? for menu, Esc to quit)
Okay, then.
You hit the gnoll but do no damage. You headbutt the gnoll.
You kill the gnoll!
* * * LOW HITPOINT WARNING * * *
You feel very sick.
Drink which item? (? for menu, Esc to quit)
It was a potion of resistance.
You feel protected.
* * * LOW HITPOINT WARNING * * *
You feel very sick.
* * * LOW HITPOINT WARNING * * *
You feel very sick.
Things that are here:
a spear of venom; a gnoll corpse
There is a lethal amount of poison in your body!
* * * LOW HITPOINT WARNING * * *
You feel very sick.
You die...

.#...............#..
#.#...............#>.
#...........†..##.#..
#....##+#......##.###
####....#...............
#..............##.......
.......).)).............
.#.....................
#....@...............
+..................#
#..........#>###..
#..........#... .
###........#...
#............ #.........
#....... ...


There were no monsters in sight!

Vanquished Creatures
  A crimson imp (D:2)
  A worker ant (D:3)
  Ijyb (D:2)
  Robin (D:2)
  3 gnolls (D:3)
  4 adders
  A giant mite (D:2)
  4 worms
  A giant gecko (D:1)
  2 orcs (D:3)
  8 bats
  3 giant cockroaches
  10 hobgoblins
  2 jackals (D:1)
  2 quokkas (D:2)
  3 giant newts
  14 goblins
  7 kobolds
  7 rats
75 creatures vanquished.

Notes
Turn   | Place    | Note
--------------------------------------------------------------
     0 | D:1      | plathrop, the Minotaur Monk, began the quest for the Orb.
     0 | D:1      | Reached XP level 1. HP: 19/19 MP: 1/1
   286 | D:1      | Reached skill level 1 in Maces & Flails
   303 | D:1      | Reached XP level 2. HP: 18/27 MP: 1/1
   696 | D:2      | Reached XP level 3. HP: 33/33 MP: 2/2
   700 | D:2      | Noticed Robin
   725 | D:2      | Killed Robin
   972 | D:2      | Reached XP level 4. HP: 33/41 MP: 2/2
  1096 | D:2      | Noticed Ijyb
  1109 | D:2      | Killed Ijyb
  1298 | D:2      | Reached XP level 5. HP: 43/47 MP: 2/2
  1354 | D:2      | Learned a level 3 spell: Flight
  1548 | D:2      | Reached skill level 5 in Fighting
  1745 | D:3      | Reached skill level 5 in Maces & Flails
  1757 | D:3      | HP: 1/48 [worm (6)]
  2060 | D:3      | Succumbed to a gnoll's poison

Action                   |  1- 3 |  4- 6 || total
-------------------------+-------+-------++-------
Melee: Club              |    10 |       ||    10
       Unarmed           |     9 |       ||     9
       Whip              |    81 |   163 ||   244
  Use: Scroll            |     3 |       ||     3
       Potion            |       |     4 ||     4
  Eat: Beef jerky        |       |     1 ||     1
       Bread ration      |       |     1 ||     1
